 Dungeon Crawl Stone Soup version bcrawl-1.31.4 (webtiles) character file.

Game seed: 15835397451726966296

352206 Morbidden the Cleaver (level 10, -5/92 HPs)
             Began as a Deep Dwarf Fighter on June 11, 2021.
             Was a Priest of Elyvilon.
             Slain by a death yak (6 damage)
             ... on level 8 of the Dungeon.
             The game lasted 00:16:08 (7705 turns).

Morbidden the Cleaver (Deep Dwarf Fighter)          Turns: 7705, Time: 00:16:09

Health: -5/92      AC: 19    Str: 30    XL:     10   Next: 51%
Magic:  5/16       EV:  7    Int:  9    God:    Elyvilon [***...]
Gold:   664        SH: 12    Dex: 12    Spells: 17/17 levels left

rFire    . . .     SeeInvis +   a - +1 war axe
rCold    . . .     Gourm    .   c - +0 medium shield
rNeg     . . .     Faith    .   b - +0 plate armour
rPois    .         Spirit   .   F - +2 helmet {SInv}
rElec    +         Reflect  .   n - +0 cloak
rCorr    .         Harm     .   k - +1 pair of gloves
MR       +....                  (no boots)
Stlth    ..........             (no amulet)
HPRegen  0.00/turn              s - ring of wizardry
MPRegen  0.15/turn              (no ring)

@: mighty, non-regenerating
A: damage resistance, sense surroundings 2, electricity resistance, strong 1, no
regeneration
a: Lesser Healing, Heal Other, Purification, Divine Protection, Renounce
Religion


You were on level 8 of the Dungeon.
You worshipped Elyvilon.
Elyvilon was most pleased with you.
You were not hungry.

You visited 2 branches of the dungeon, and saw 9 of its levels.

You collected 664 gold pieces.

Inventory:

Hand Weapons
 a - a +1 war axe (weapon)
Missiles
 j - 128 javelins
 o - 62 poisoned tomahawks (quivered)
Armour
 b - a +0 plate armour (worn)
 c - a +0 medium shield (worn)
 k - a +1 pair of gloves (worn)
 n - a +0 cloak (worn)
 F - a +2 helmet of see invisible (worn)
 H - the +6 chain mail of the Tundras {MR+ rCorr MP-9 Str+2}
   (You found it on level 5 of the Dungeon)

   It affects your strength (+2).
   It affects your resistance to hostile enchantments.
   It affects your magic capacity (-9).
   It provides partial protection from all sources of acid and corrosion.
Jewellery
 s - a ring of wizardry (left hand)
 E - an uncursed ring of fire
Wands
 g - a wand of random effects (14)
 t - a wand of flame (23)
 y - a wand of digging (6)
 A - a wand of enslavement (10)
 J - a wand of disintegration (10)
Scrolls
 f - 5 scrolls of remove curse
 i - 2 scrolls of identify
 l - a scroll of blinking
 m - 2 scrolls of magic mapping
 p - 2 scrolls of enchant weapon
 x - a scroll of amnesia
 I - 2 scrolls of teleportation
Potions
 d - a potion of might
 h - a potion of mutation
 q - 3 potions of curing
 w - a potion of berserk rage
 G - a potion of invisibility
Comestibles
 e - 7 rations {!d}


   Skills:
 * Level 6.4 Fighting
 * Level 9.1 Axes
 + Level 1.5 Throwing
 + Level 6.7 Armour
 * Level 6.0 Dodging
 + Level 0.1 Stealth
 * Level 7.1 Shields
 * Level 4.2 Spellcasting
 * Level 7.5 Invocations
 + Level 0.4 Evocations


You had 17 spell levels left.
You didn't know any spells.
Your spell library was empty.

Dungeon Overview and Level Annotations

Branches:
Dungeon (8/12)             Temple (1/1) D:6            Lair (0/6) D:8
    Orc: D:8-11

Altars:
Ashenzari
Cheibriados
Dithmenos
Elyvilon
Gozag
Lugonu
Makhleb
Nemelex Xobeh
Qazlal
Ru
Trog
Wu Jian
Xom
Yredelemnul
Zin
The Shining One

Shops:
D:5 =   D:6 (

Portals:
Trove: D:8 (give +3 storm dragon scales)

Annotations:
D:6 1 runed door
D:7 GodsVoicemail's ghost, novice DrWn


Innate Abilities, Weirdness & Mutations

You are resistant to damage.
You passively map the area around you.
You do not regenerate.
You are resistant to electric shocks. (rElec)
Your muscles are strong. (Str +2)


Message History

Your Shields skill increases to level 7!
You slash the death yak!
The death yak is moderately wounded.
You closely miss the porcupine.
As you are about to starve, you manage to eat something.
You eat one of the 8 rations {!d}.
That ration really hit the spot!
The death yak gores you but does no damage.
You block the porcupine's attack.
You barely miss the death yak.
The death yak is moderately wounded.
You closely miss the porcupine. The orc closely misses you.
The death yak gores you! Elyvilon protects you from harm!
The porcupine bites you but does no damage.
Unknown command.
You slice the death yak!!
The death yak is heavily wounded.
You hit the porcupine. You block the porcupine's attack.
You block the orc's attack. The death yak gores you!
You die...

#..r.Y..#
####..###
#.c#
#######..#
#.......o#
#.######Y#
#. #$#
#r######.#
#.@Yorcc.#
##########


You could see a death yak, 2 centaurs, a porcupine, an orc and a quokka.

Vanquished Creatures
  2 death yaks (D:8)
  A troll (D:7)
  2 hippogriffs
  3 yaks (D:7)
  A hungry ghost (D:7)
  A water moccasin (D:8)
  3 orc warriors
  2 sky beasts
  3 ice beasts (D:6)
  A black bear (D:6)
  5 ogres
  A big kobold (D:7)
  6 bullfrogs
  A wyvern zombie (D:8)
  A water moccasin zombie (D:5)
  2 scorpions (D:7)
  A howler monkey (D:6)
  A centaur zombie (D:6)
  7 hounds
  3 crimson imps
  A jelly (D:4)
  6 orc priests
  A centaur skeleton (D:4)
  An iguana (D:7)
  2 orc wizards (D:3)
  4 worker ants
  A howler monkey zombie (D:6)
  4 gnolls (D:3)
  14 adders
  A shadow imp (D:5)
  2 adder zombies
  An ooze (D:2)
  3 adder skeletons
  3 worms
  3 dart slugs
  A leopard gecko (D:3)
  22 orcs
  3 giant cockroaches
  7 goblins
  6 hobgoblins
  10 jackals
  2 quokkas
  2 ball pythons
  5 bats
  A frilled lizard (D:1)
  13 kobolds
  3 rats
169 creatures vanquished.

Vanquished Creatures (others)
  A bat (D:2)
1 creature vanquished.

Grand Total: 170 creatures vanquished

Notes
Turn   | Place    | Note
-------+----------+-------------------------------------------
     0 | D:1      | Morbidden the Deep Dwarf Fighter began the quest for the
                  | Orb.
     0 | D:1      | Reached XP level 1. HP: 21/21 MP: 1/1
   193 | D:1      | Reached XP level 2. HP: 20/28 MP: 2/2
   356 | D:1      | Reached ** piety under Elyvilon
   688 | D:2      | Reached XP level 3. HP: 21/34 MP: 3/3
   703 | D:2      | Reached skill level 3 in Axes
  1136 | D:2      | Reached skill level 1 in Invocations
  1639 | D:3      | Reached XP level 4. HP: 39/42 MP: 4/4
  1912 | D:3      | Reached skill level 4 in Axes
  1921 | D:3      | Reached XP level 5. HP: 31/49 MP: 3/6
  2106 | D:3      | Reached skill level 1 in Dodging
  2158 | D:3      | Reached XP level 6. HP: 23/56 MP: 6/8
  2491 | D:3      | Reached *** piety under Elyvilon
  2676 | D:4      | Noticed a sky beast
  2692 | D:4      | Elyvilon protects you from harm!
  2704 | D:4      | Found a sparkling altar of Nemelex Xobeh.
  2738 | D:4      | Reached skill level 5 in Axes
  2994 | D:4      | Reached XP level 7. HP: 44/64 MP: 5/9
  3075 | D:4      | Found a basalt altar of Yredelemnul.
  3313 | D:4      | Found a white marble altar of Elyvilon.
  3313 | D:4      | Found a glowing golden altar of the Shining One.
  3313 | D:4      | Found a glowing silver altar of Zin.
  3483 | D:5      | Entered Level 5 of the Dungeon
  3616 | D:5      | Got an ichor-stained dagger
  3676 | D:5      | Found a shattered altar of Ashenzari.
  3690 | D:5      | Reached **** piety under Elyvilon
  3796 | D:5      | Found Tuepp's Jewellery Shoppe.
  3958 | D:5      | Got a spiked chain mail
  3960 | D:5      | Identified the +6 chain mail of the Tundras {MR+ rCorr MP-9
                  | Str+2} (You found it on level 5 of the Dungeon)
  4138 | D:5      | Reached XP level 8. HP: 39/72 MP: 2/11
  4387 | D:6      | Reached skill level 6 in Axes
  4387 | D:6      | Reached skill level 5 in Shields
  4407 | D:6      | Reached skill level 5 in Invocations
  4512 | D:6      | Noticed a hippogriff
  4534 | D:6      | Reached skill level 5 in Armour
  4534 | D:6      | Reached skill level 1 in Spellcasting
  4541 | D:6      | Killed a hippogriff
  4542 | D:6      | Reached skill level 1 in Throwing
  4609 | D:6      | Found a staircase to the Ecumenical Temple.
  4716 | D:6      | Found Roixuil's Weapon Boutique.
  4726 | D:6      | Gained mutation: Your muscles are strong. (Str +2) [potion
                  | of mutation]
  4726 | D:6      | Gained mutation: You are resistant to electric shocks.
                  | (rElec) [potion of mutation]
  4938 | D:6      | Reached skill level 5 in Fighting
  4939 | D:6      | Found an ornate altar of the Wu Jian Council.
  4939 | D:6      | Found a bloodstained altar of Trog.
  4939 | D:6      | Found a shattered altar of Ashenzari.
  4939 | D:6      | Found a shimmering altar of Xom.
  4973 | D:6      | Found a corrupted altar of Lugonu.
  4973 | D:6      | Found a snail-covered altar of Cheibriados.
  5012 | D:6      | Found a runed door.
  5066 | D:6      | Found an opulent altar of Gozag.
  5068 | D:6      | Found a hazy altar of Hepliaklqana.
  5068 | D:6      | Found a stormy altar of Qazlal.
  5071 | D:6      | Found a shadowy altar of Dithmenos.
  5071 | D:6      | Found a shimmering altar of Xom.
  5071 | D:6      | Found a shimmering altar of Xom.
  5074 | D:6      | HP: 3/74 [ogre/+0 giant club (17)]
  5078 | D:6      | Gained mutation: You passively map the area around you.
                  | [Deep Dwarf growth]
  5078 | D:6      | Reached XP level 9. HP: 47/81 MP: 8/13
  5262 | D:6      | Noticed a seven-headed hydra
  5272 | D:6      | Reached skill level 7 in Axes
  5302 | D:6      | Pacified a nine-headed hydra
  5303 | D:6      | Reached skill level 5 in Dodging
  5893 | D:6      | Found a glowing silver altar of Zin.
  6031 | D:7      | Found a basalt altar of Yredelemnul.
  6096 | D:7      | Noticed a freezing wraith
  6311 | D:7      | Found a transporter.
  6312 | D:7      | Noticed GodsVoicemail's ghost (novice DrWn)
  6319 | D:7      | Found a transporter.
  6411 | D:7      | Noticed a troll
  6418 | D:7      | Killed a troll
  6461 | D:7      | Reached skill level 8 in Axes
  6807 | D:7      | Reached XP level 10. HP: 30/91 MP: 12/15
  7164 | Temple   | Entered the Ecumenical Temple
  7409 | D:8      | Found a portal to a secret trove of treasure.
  7618 | D:8      | Found a staircase to the Lair.
  7618 | D:8      | Noticed a death yak
  7618 | D:8      | Noticed a death yak
  7621 | D:8      | Noticed a death yak
  7690 | D:8      | Killed a death yak
  7701 | D:8      | HP: 1/91 [death yak (12)]
  7702 | D:8      | Killed a death yak
  7703 | D:8      | Reached skill level 9 in Axes
  7704 | D:8      | Elyvilon protects you from harm!
  7705 | D:8      | Slain by a death yak

Skill      XL: |  1  2  3  4  5  6  7  8  9 10 |
---------------+-------------------------------+-----
Axes           | 3 4 5 6 8 9 |  9.1
Invocations    | 1 2 3 4 5 6 7 |  7.5
Dodging        | 1 2 3 4 5 6 |  6.0
Armour         | 4 5 6 |  6.7
Shields        | 4 5 6 7 |  7.1
Fighting       | 4 5 6 |  6.4
Spellcasting   | 2 3 4 |  4.2
Throwing       | 1 |  1.5
Stealth        | |  0.1
Evocations     | |  0.4

Action                   |  1- 3 |  4- 6 |  7- 9 | 10-12 || total
-------------------------+-------+-------+-------+-------++-------
Melee: War axe           |   130 |   168 |   427 |    77 ||   802
Throw: Javelin           |       |    16 |     6 |       ||    22
       Tomahawk          |       |     2 |     7 |    12 ||    21
Invok: Heal Other        |     4 |       |     1 |       ||     5
       Lesser Healing    |     1 |    12 |    15 |    11 ||    39
       Greater Healing   |       |       |     3 |     2 ||     5
Evoke: Wand              |       |       |     2 |     3 ||     5
  Use: Scroll            |       |     1 |     8 |     3 ||    12
       Potion            |       |       |     8 |     1 ||     9
  Eat: Chunk             |     7 |    10 |    32 |     2 ||    51
       Ration            |       |     1 |     2 |     2 ||     5
Armor: Scale mail        |    75 |   111 |    27 |       ||   213
       Plate armour      |       |       |   279 |    43 ||   322
       Chain mail        |       |       |     7 |       ||     7
Dodge: Dodged            |    29 |    48 |    83 |    19 ||   179
Block: Medium shield     |    75 |   123 |   267 |    58 ||   523
